 Dungeon Crawl Stone Soup version 0.29-a0-559-g359e09b9d1 (webtiles) character file.

Game seed: 4075247633137970047

9 horus123 the Cudgeller (level 2, 0/26 HPs)
             Began as a Meteoran Cinder Acolyte on June 11, 2022.
             Was a High Priest of Ignis.
             Succumbed to an adder's poison
             ... on level 2 of the Dungeon.
             The game lasted 00:01:34 (290 turns).

horus123 the Cudgeller (Meteoran Cinder Acolyte)     Turns: 290, Time: 00:01:34

Health: 0/26       AC:  2    Str: 15    XL:     2   Next: 35%
Magic:  6/6        EV: 11    Int: 15    God:    Ignis [*****.]
Gold:   0          SH:  0    Dex:  9    Spells: 6/6 levels left

rFire   + . .      SeeInvis .   a - -1 mace (flame)
rCold   . . .      Faith    .   (no shield)
rNeg    . . .      Spirit   .   b - +0 robe
rPois   .          Reflect  .   (no helmet)
rElec   .          Harm     .   (no cloak)
rCorr   .          Rampage  .   (no gloves)
Will    .....                   (no boots)
Stlth   +.........              (no amulet)
HPRegen 0.08/turn               (no ring)
MPRegen 0.10/turn               (no ring)

@: lethally poisoned (0 -> -11), glowing
A: sense surroundings 1, otherworldly, glowing, explore regen
a: Renounce Religion, Fiery Armour, Foxfire Swarm, Rising Flame


You were on level 2 of the Dungeon.
You worshipped Ignis.
Ignis was extremely pleased with you.
You visited 1 branch of the dungeon, and saw 2 of its levels.

Inventory:

Hand Weapons
 a - a -1 mace of flaming (weapon)
Armour
 b - a +0 robe (worn)
 d - a +0 kite shield
 g - a +0 chain mail
Potions
 c - a potion of berserk rage {unknown}
 e - a potion of curing {unknown}
 f - a potion of invisibility {unknown}


   Skills:
 - Level 3.2 Fighting
 - Level 4.0 Maces & Flails
 + Level 2.7 Spellcasting
 - Level 3.6 Fire Magic


You had 6 spell levels left.
You didn't know any spells.
Your spell library contained the following spells:

 Spells                   Type           Power      Damage    Failure   Level
 Scorch                   Fire           24%        2d6       7%          2


Dungeon Overview and Level Annotations

Branches:
Dungeon (2/15)

Altars:


Innate Abilities, Weirdness & Mutations

You passively map a small area around you.
You are easily found by Zot.
You glow in the dark.
You regain HP and MP as you explore.


Message History

Found an escape hatch in the floor.
Found a stone staircase leading down.
The adder hisses angrily.
There is an open door here.
You hit the adder but do no damage. The adder barely misses you. x2
You closely miss the adder. The adder bites you.
The adder bites you but does no damage.
You closely miss the adder. The adder bites you.
Okay, then.
Okay, then.
You hit the adder but do no damage. The adder bites you. x2
You closely miss the adder. The adder misses you.
You hit the adder but do no damage.
The adder bites you but does no damage. x2
You hit the adder. You burn the adder.
The adder is heavily wounded.
The adder bites you.
You are poisoned.
The adder poisons you!
You hit the adder. You burn the adder.
The adder is heavily wounded.
You feel sick. The adder bites you. The adder closely misses you.
You closely miss the adder.
The adder is heavily wounded.
You feel sick. The adder barely misses you.
You miss the adder.
The adder is heavily wounded.
You feel sick. The adder bites you.
* * * LOW HITPOINT WARNING * * *
You are more poisoned.
The adder poisons you! The adder bites you.
* * * LOW HITPOINT WARNING * * *
You are more poisoned.
The adder poisons you!
You hit the adder. You burn the adder.
The adder is almost dead.
* * * LOW HITPOINT WARNING * * *
You feel very sick. The adder barely misses you.
You completely miss the adder.
The adder is almost dead.
You die...

, * .#., #.# *
, , ... ... ,,
, , #.#...#.# *
* #.#...#.# , ,
#.....#.# , *
#.....#.#######
.............>.
##...S@.......,
,
+..>..........
..# ,
##.#.#'#######
....# , # #.#.#
, ....# # #.# *
* #.#.# ,#.# #
#.#.# *, ,#.#
.# #.#.#
#.#######.###.
, #.#.########
.#.............


You could see an adder.

Vanquished Creatures
  A giant cockroach (D:1)
  A goblin (D:2)
  2 jackals (D:1)
  2 quokkas
  A ball python (D:1)
7 creatures vanquished.

Notes
Turn   | Place    | Note
-------+----------+-------------------------------------------
     0 | D:1      | horus123 the Meteoran Cinder Acolyte began the quest for
                  | the Orb.
     0 | D:1      | Reached XP level 1. HP: 19/19 MP: 3/3
    75 | D:1      | Reached XP level 2. HP: 21/26 MP: 6/6
   290 | D:2      | Succumbed to an adder's poison

Illustrated notes

Levels and vault maps discovered:
D:1:      psy_arrival_statuary, layout_basic
D:2:      layout_basic, dreamdust_ecumenical_altar_hidden_monk_grotto

Skill      XL: |  1 |
---------------+----+-----
Spellcasting   | 2 |  2.7
Fighting       | |  3.2
Maces & Flails | |  4.0
Fire Magic     | |  3.6

Action                   || total
-------------------------++-------
Melee: Mace              ||    39
Armor: Robe              ||    17
Dodge: Dodged            ||    21

Table legend: (Time is in decaauts)
 A = Elapsed time spent in this place.
 B = Non-inter-level travel time spent in this place.
 C = Inter-level travel time spent in this place.
 D = Time resting spent in this place.
 E = Time spent auto-exploring this place.
 F = Levels seen in this place.
 G = Mean time per level.
                   A        B        C        D        E       F      G
               +--------+--------+--------+--------+--------+-----+--------+
         Total |    297 |    297 |      0 |      0 |      0 |   2 |  148.5 |
       Dungeon |    297 |    297 |      0 |      0 |      0 |   2 |  148.5 |
               +--------+--------+--------+--------+--------+-----+--------+

Top non-repeatable levels by time:
     D:2: 161 daAuts
     D:1: 136 daAuts
